[ AOE2 MATCH · #507220786 ]
UnrankedChinese vs Wu
Player's team · WIN
Rival team · LOSS
[ REPLAY ANALYSIS · EXTRACTED FROM THE RECORDED GAME ]
Feudal
9:45
Castle
20:31
Imperial
—
| APM avg | 71.5 |
| APM peak | 121 |
| eAPM avg | 40.9 |
| Villagers / military | 174 / 62 |
Focus
⚔️ 59.1% · 🌾 40.9%
Archer ×32 · Knight ×12 · Chu Ko Nu ×9 · Iron Pagoda ×3 · Scout Cavalry ×3 · Monk ×2
Feudal
13:01
Castle
19:42
Imperial
—
| APM avg | 79.6 |
| APM peak | 144 |
| eAPM avg | 43.4 |
| Villagers / military | 103 / 11 |
Focus
⚔️ 51.3% · 🌾 48.7%
Unknown (1974) ×12 · Monk ×6 · Unknown (1968) ×4 · Militia ×3 · Mangonel ×2
Match map
Initial resources + every placement click. Lines = walls · curves = elevation contours. ◆ gold · ⬟ stone · ● berries · ✦ relic · ◌ wall gap
Your base· Open — unwalled flank
14' screen laptop kboard & wifi's base· ✓ Closed at 19:42 · 27t walls · 1 gate(s)
Smoothed initial terrain · ◌ = detected wall gap · hover for details
Inputs per minute
— HaraKiri_aoe - - 14' screen laptop kboard & wifi
Build order — HaraKiri_aoe
First 150 of 392 actions detected
| 0:08 | Research | Loom |
| 0:52 | Create | Villager (Male) |
| 0:52 | Create | Villager (Male) |
| 1:15 | Create | Villager (Male) |
| 1:15 | Create | Villager (Male) |
| 1:34 | Create | Villager (Male) |
| 1:58 | Build | Mill |
| 2:05 | Create | Villager (Male) |
| 2:05 | Create | Villager (Male) |
| 2:27 | Create | Villager (Male) |
| 2:53 | Create | Villager (Male) |
| 2:53 | Create | Villager (Male) |
| 3:15 | Build | House |
| 3:16 | Create | Villager (Male) |
| 3:22 | Build | House |
| 3:22 | Create | Villager (Male) |
| 3:23 | Create | Villager (Male) |
| 4:02 | Build | House |
| 4:08 | Create | Villager (Male) |
| 4:08 | Create | Villager (Male) |
| 4:24 | Create | Villager (Male) |
| 4:24 | Create | Villager (Male) |
| 4:40 | Create | Villager (Male) |
| 4:50 | Build | Lumber Camp |
| 5:04 | Create | Villager (Male) |
| 5:20 | Create | Villager (Male) |
| 5:20 | Create | Villager (Male) |
| 5:32 | Create | Villager (Male) |
| 5:34 | Create | Villager (Male) |
| 6:45 | Create | Villager (Male) |
| 6:48 | Build | Palisade Wall |
| 6:52 | Build | Palisade Wall |
| 6:55 | Build | Palisade Wall |
| 6:58 | Build | Palisade Wall |
| 7:06 | Build | Palisade Wall |
| 7:07 | Create | Villager (Male) |
| 7:07 | Create | Villager (Male) |
| 7:07 | Create | Villager (Male) |
| 7:10 | Build | Palisade Wall |
| 7:10 | Create | Villager (Male) |
| 7:10 | Create | Villager (Male) |
| 7:11 | Create | Villager (Male) |
| 7:14 | Build | Palisade Wall |
| 7:15 | Create | Villager (Male) |
| 7:15 | Create | Villager (Male) |
| 7:16 | Create | Villager (Male) |
| 7:29 | Research | Feudal Age |
| 7:29 | Research | Feudal Age |
| 7:54 | Build | Mining Camp |
| 7:55 | Build | Palisade Wall |
| 7:58 | Create | Villager (Male) |
| 8:02 | Build | Palisade Wall |
| 8:03 | Build | Palisade Wall |
| 8:08 | Build | Palisade Wall |
| 8:09 | Build | Palisade Wall |
| 8:10 | Build | Palisade Wall |
| 8:13 | Create | Villager (Male) |
| 8:15 | Build | Palisade Wall |
| 8:16 | Build | Palisade Wall |
| 8:32 | Create | Villager (Male) |
| 8:48 | Build | Barracks |
| 9:00 | Build | House |
| 9:45 | Age | Feudal Age |
| 9:47 | Build | Archery Range |
| 9:50 | Research | Double-Bit Axe |
| 9:53 | Create | Villager (Male) |
| 10:04 | Build | Blacksmith |
| 10:05 | Build | House |
| 10:08 | Create | Villager (Male) |
| 10:13 | Build | Farm |
| 10:20 | Build | Farm |
| 10:22 | Build | Farm |
| 10:24 | Build | Farm |
| 10:31 | Create | Archer |
| 10:38 | Build | Farm |
| 10:59 | Create | Archer |
| 10:59 | Create | Archer |
| 11:01 | Build | House |
| 11:07 | Build | Farm |
| 11:07 | Create | Villager (Male) |
| 11:08 | Create | Villager (Male) |
| 11:23 | Build | House |
| 11:27 | Create | Archer |
| 11:28 | Create | Archer |
| 11:28 | Create | Villager (Male) |
| 11:36 | Create | Villager (Male) |
| 11:36 | Create | Villager (Male) |
| 11:39 | Build | Farm |
| 11:43 | Build | House |
| 11:43 | Build | House |
| 11:47 | Build | House |
| 11:57 | Build | Watch Tower |
| 12:05 | Create | Villager (Male) |
| 12:05 | Create | Villager (Male) |
| 12:09 | Build | Farm |
| 12:29 | Build | Mill |
| 12:33 | Create | Villager (Male) |
| 12:47 | Build | Watch Tower |
| 12:50 | Create | Archer |
| 12:50 | Create | Archer |
| 12:51 | Create | Archer |
| 12:53 | Create | Villager (Male) |
| 13:00 | Create | Villager (Male) |
| 13:02 | Create | Villager (Male) |
| 13:02 | Create | Villager (Male) |
| 13:12 | Build | Outpost |
| 13:13 | Build | House |
| 13:17 | Create | Archer |
| 13:31 | Create | Villager (Male) |
| 13:34 | Create | Villager (Male) |
| 13:43 | Create | Archer |
| 13:43 | Create | Archer |
| 13:54 | Build | Outpost |
| 13:57 | Create | Villager (Male) |
| 13:57 | Create | Villager (Male) |
| 14:03 | Create | Villager (Male) |
| 14:04 | Create | Villager (Male) |
| 14:07 | Build | Blacksmith |
| 14:16 | Build | Outpost |
| 14:38 | Build | Outpost |
| 14:48 | Create | Villager (Male) |
| 14:50 | Build | House |
| 14:54 | Create | Archer |
| 14:54 | Create | Archer |
| 14:57 | Build | Farm |
| 14:59 | Create | Archer |
| 14:59 | Create | Archer |
| 15:09 | Create | Villager (Male) |
| 15:16 | Create | Villager (Male) |
| 15:29 | Create | Villager (Male) |
| 15:34 | Research | Fletching |
| 15:34 | Research | Fletching |
| 15:36 | Create | Villager (Male) |
| 15:37 | Create | Villager (Male) |
| 15:40 | Create | Villager (Male) |
| 15:44 | Build | Mining Camp |
| 15:45 | Create | Villager (Male) |
| 15:45 | Create | Villager (Male) |
| 15:45 | Create | Villager (Male) |
| 16:03 | Create | Villager (Male) |
| 16:04 | Create | Villager (Male) |
| 16:06 | Build | Outpost |
| 16:48 | Build | Watch Tower |
| 17:12 | Create | Villager (Male) |
| 17:22 | Research | Town Watch |
| 17:22 | Research | Town Watch |
| 17:41 | Build | Farm |
| 17:43 | Build | Farm |
| 17:45 | Build | Farm |
| 17:51 | Research | Castle Age |
Build order — 14' screen laptop kboard & wifi
First 150 of 268 actions detected
| 0:01 | Create | Villager (Male) |
| 0:01 | Create | Villager (Male) |
| 0:01 | Create | Villager (Male) |
| 0:02 | Create | Villager (Male) |
| 0:02 | Build | House |
| 0:09 | Build | House |
| 1:04 | Build | Barracks |
| 1:05 | Build | House |
| 1:26 | Create | Villager (Male) |
| 1:57 | Create | Villager (Male) |
| 1:58 | Create | Villager (Male) |
| 2:25 | Create | Villager (Male) |
| 2:34 | Build | House |
| 2:44 | Create | Militia |
| 2:47 | Research | Loom |
| 3:03 | Create | Militia |
| 3:13 | Create | Villager (Male) |
| 3:30 | Create | Villager (Male) |
| 4:05 | Create | Villager (Male) |
| 4:09 | Create | Militia |
| 4:22 | Create | Villager (Male) |
| 4:49 | Build | House |
| 4:50 | Create | Villager (Male) |
| 5:08 | Create | Villager (Male) |
| 5:27 | Create | Villager (Male) |
| 5:43 | Build | Mill |
| 5:51 | Create | Villager (Male) |
| 6:15 | Create | Villager (Male) |
| 6:40 | Create | Villager (Male) |
| 7:11 | Build | House |
| 7:12 | Build | Palisade Wall |
| 7:15 | Create | Villager (Male) |
| 7:38 | Build | Lumber Camp |
| 7:39 | Create | Villager (Male) |
| 8:03 | Create | Villager (Male) |
| 8:22 | Create | Villager (Male) |
| 8:55 | Build | House |
| 8:57 | Build | Palisade Wall |
| 8:59 | Create | Villager (Male) |
| 9:27 | Build | Mill |
| 9:32 | Create | Villager (Male) |
| 9:49 | Build | Palisade Wall |
| 9:55 | Create | Villager (Male) |
| 10:09 | Build | Palisade Gate |
| 10:17 | Create | Villager (Male) |
| 10:33 | Build | Farm |
| 10:35 | Build | Farm |
| 10:41 | Research | Feudal Age |
| 11:02 | Build | Farm |
| 11:10 | Build | Palisade Wall |
| 11:13 | Build | Mining Camp |
| 11:27 | Build | Farm |
| 11:38 | Build | House |
| 11:49 | Create | Villager (Male) |
| 12:08 | Build | Farm |
| 13:01 | Age | Feudal Age |
| 13:04 | Build | Watch Tower |
| 13:06 | Build | Market |
| 13:12 | Research | Double-Bit Axe |
| 13:28 | Create | Villager (Male) |
| 13:55 | Build | Blacksmith |
| 13:57 | Create | Villager (Male) |
| 13:58 | Build | Farm |
| 14:20 | Create | Villager (Male) |
| 14:31 | Build | Mining Camp |
| 14:33 | Create | Villager (Male) |
| 14:39 | Build | House |
| 14:41 | Build | House |
| 14:57 | Create | Villager (Male) |
| 15:09 | Build | Farm |
| 15:13 | Build | Farm |
| 15:15 | Build | Farm |
| 15:17 | Create | Villager (Male) |
| 15:37 | Build | Watch Tower |
| 15:39 | Create | Villager (Male) |
| 15:47 | Build | Farm |
| 16:13 | Build | House |
| 16:21 | Build | Palisade Wall |
| 16:25 | Build | Palisade Wall |
| 16:29 | Build | Palisade Wall |
| 16:37 | Create | Villager (Male) |
| 16:43 | Research | Castle Age |
| 16:55 | Build | House |
| 17:20 | Build | House |
| 17:23 | Build | House |
| 17:25 | Build | House |
| 17:35 | Build | Lumber Camp |
| 17:36 | Create | Villager (Male) |
| 17:41 | Research | Scale Mail Armor |
| 17:41 | Research | Scale Mail Armor |
| 18:27 | Research | Horse Collar |
| 18:40 | Build | House |
| 18:50 | Build | House |
| 19:42 | Age | Castle Age |
| 19:44 | Create | Unit 1974 |
| 19:44 | Create | Unit 1974 |
| 19:45 | Build | Town Center |
| 19:47 | Build | Monastery |
| 20:06 | Research | Bow Saw |
| 20:07 | Create | Villager (Male) |
| 20:18 | Research | Squires |
| 20:18 | Research | Squires |
| 20:20 | Build | Farm |
| 20:20 | Build | Farm |
| 20:25 | Create | Villager (Male) |
| 20:27 | Build | Farm |
| 20:28 | Build | Farm |
| 20:32 | Create | Monk |
| 20:42 | Create | Unit 1974 |
| 20:53 | Create | Villager (Male) |
| 21:03 | Build | Farm |
| 21:16 | Create | Unit 1974 |
| 21:18 | Create | Villager (Male) |
| 21:22 | Build | Farm |
| 21:23 | Build | Farm |
| 21:31 | Create | Villager (Male) |
| 21:44 | Build | Farm |
| 21:55 | Create | Villager (Male) |
| 22:08 | Create | Villager (Male) |
| 22:13 | Build | Town Center |
| 22:15 | Create | Monk |
| 22:24 | Create | Monk |
| 22:36 | Create | Villager (Male) |
| 22:44 | Create | Villager (Male) |
| 22:51 | Build | Palisade Wall |
| 22:52 | Build | Palisade Wall |
| 22:58 | Create | Unit 1974 |
| 23:24 | Create | Monk |
| 23:28 | Build | House |
| 23:30 | Build | House |
| 23:31 | Create | Villager (Male) |
| 23:38 | Create | Villager (Male) |
| 23:49 | Research | Town Watch |
| 23:55 | Build | Farm |
| 23:56 | Build | Farm |
| 24:02 | Build | Farm |
| 24:04 | Build | Farm |
| 24:07 | Build | Farm |
| 24:08 | Build | Farm |
| 24:09 | Build | Farm |
| 24:26 | Build | Farm |
| 24:26 | Build | Farm |
| 24:29 | Build | House |
| 24:35 | Build | House |
| 24:40 | Create | Unit 1974 |
| 24:46 | Create | Villager (Male) |
| 24:59 | Create | Villager (Male) |
| 25:09 | Create | Villager (Male) |
| 25:10 | Create | Monk |
| 25:19 | Create | Unit 1974 |
Match timeline
| 1:04 | 14' screen laptop kboard & wifi · first_building Barracks |
| 6:48 | HaraKiri_aoe · wall_segment Palisade Wall x2 |
| 6:52 | HaraKiri_aoe · wall_segment Palisade Wall x1 |
| 6:55 | HaraKiri_aoe · wall_segment Palisade Wall x4 |
| 6:58 | HaraKiri_aoe · wall_segment Palisade Wall x1 |
| 7:06 | HaraKiri_aoe · wall_segment Palisade Wall x1 |
| 7:10 | HaraKiri_aoe · wall_segment Palisade Wall x1 |
| 7:12 | 14' screen laptop kboard & wifi · wall_segment Palisade Wall x5 |
| 7:14 | HaraKiri_aoe · wall_segment Palisade Wall x1 |
| 7:55 | HaraKiri_aoe · wall_segment Palisade Wall x1 |
| 8:02 | HaraKiri_aoe · wall_segment Palisade Wall x1 |
| 8:03 | HaraKiri_aoe · wall_segment Palisade Wall x1 |
| 8:08 | HaraKiri_aoe · wall_segment Palisade Wall x1 |
| 8:09 | HaraKiri_aoe · wall_segment Palisade Wall x1 |
| 8:10 | HaraKiri_aoe · wall_segment Palisade Wall x1 |
| 8:15 | HaraKiri_aoe · wall_segment Palisade Wall x1 |
| 8:16 | HaraKiri_aoe · wall_segment Palisade Wall x1 |
| 8:48 | HaraKiri_aoe · first_building Barracks |
| 8:57 | 14' screen laptop kboard & wifi · wall_segment Palisade Wall x4 |
| 9:45 | HaraKiri_aoe · age_up feudal |
| 9:47 | HaraKiri_aoe · first_building Archery Range |
| 9:49 | 14' screen laptop kboard & wifi · wall_segment Palisade Wall x8 |
| 11:10 | 14' screen laptop kboard & wifi · wall_segment Palisade Wall x7 |
| 13:01 | 14' screen laptop kboard & wifi · age_up feudal |
| 15:57 | 14' screen laptop kboard & wifi · first_market_buy 100 food |
| 16:21 | 14' screen laptop kboard & wifi · wall_segment Palisade Wall x1 |
| 16:25 | 14' screen laptop kboard & wifi · wall_segment Palisade Wall x1 |
| 16:29 | 14' screen laptop kboard & wifi · wall_segment Palisade Wall x1 |
| 17:15 | 14' screen laptop kboard & wifi · first_market_sell 100 stone |
| 17:57 | HaraKiri_aoe · wall_segment Stone Wall x1 |
| 18:27 | HaraKiri_aoe · first_building Stable |
| 19:21 | HaraKiri_aoe · wall_segment Stone Wall x1 |
| 19:42 | 14' screen laptop kboard & wifi · age_up castle |
| 19:47 | 14' screen laptop kboard & wifi · first_building Monastery |
| 20:31 | HaraKiri_aoe · age_up castle |
| 22:09 | HaraKiri_aoe · first_building Siege Workshop |
| 22:51 | 14' screen laptop kboard & wifi · wall_segment Palisade Wall x1 |
| 22:52 | HaraKiri_aoe · wall_segment Stone Wall x1 |
| 22:52 | HaraKiri_aoe · wall_segment Stone Wall x1 |
| 22:52 | 14' screen laptop kboard & wifi · wall_segment Palisade Wall x1 |
| 23:02 | HaraKiri_aoe · wall_segment Stone Wall x1 |
| 23:03 | HaraKiri_aoe · wall_segment Stone Wall x1 |
| 25:51 | 14' screen laptop kboard & wifi · first_building Siege Workshop |
| 26:09 | HaraKiri_aoe · first_building Monastery |
| 28:09 | HaraKiri_aoe · first_building Castle |
| 29:56 | 14' screen laptop kboard & wifi · wall_segment Palisade Wall x2 |
| 30:22 | 14' screen laptop kboard & wifi · first_building Castle |
| 32:20 | 14' screen laptop kboard & wifi · wall_segment Stone Wall x1 |
| 32:21 | 14' screen laptop kboard & wifi · wall_segment Stone Wall x1 |
| 32:24 | 14' screen laptop kboard & wifi · wall_segment Stone Wall x1 |
| 33:20 | 14' screen laptop kboard & wifi · resign |
[ AI ANALYSIS · 1 CREDIT ]
What really happened in this match?
Wolo.gg analyzes every decision: build order, eco, micro, common mistakes by bracket. Personalized analysis on WhatsApp or Discord in 30 seconds.
Civ guide
Chinese
Perfil
Jugador #5367941